 Dungeon Crawl Stone Soup version 0.22-a0-409-gb855193d78 (webtiles) character file.

35 nataq the Skirmisher (level 3, 19/29 HPs)
             Began as a Demonspawn Fighter on May 11, 2018.
             Got out of the dungeon alive.
             The game lasted 00:01:20 (768 turns).

nataq the Skirmisher (Demonspawn Fighter)            Turns: 768, Time: 00:01:20

Health: 19/29      AC: 10    Str: 17    XL:     3   Next: 17%
Magic:  3/3        EV:  9    Int:  9    God:
Gold:   55         SH:  0    Dex: 12    Spells: 2/2 levels left

rFire    . . .     SeeInvis .   a - +0 war axe
rCold    . . .     Gourm    .   (no shield)
rNeg     . . .     Faith    .   b - +0 scale mail
rPois    .         Spirit   .   (no helmet)
rElec    .         Reflect  .   p - +0 cloak
rCorr    .         Harm     .   e - +0 pair of gloves
MR       .....                  k - +0 pair of boots
Stlth    +.........             (no amulet)
HPRegen  0.09/turn              g - ring of stealth
MPRegen  0.08/turn              (no ring)

@: no status effects
A: talons 1, spiny 1
a: no special abilities


You escaped.
You were not hungry.

You visited 1 branch of the dungeon, and saw 2 of its levels.

You collected 55 gold pieces.

Inventory:

Hand Weapons
 a - a +0 war axe (weapon)
Armour
 b - a +0 scale mail (worn)
 e - a +0 pair of gloves (worn)
 k - a +0 pair of boots (worn)
 p - a +0 cloak (worn)
Jewellery
 g - a ring of stealth (left hand)
Scrolls
 h - a scroll of enchant weapon {unknown}
 l - a scroll of remove curse {unknown}
 m - a scroll of amnesia {unknown}
 n - a scroll of identify {unknown}
 o - a scroll of teleportation {unknown}
 q - 2 scrolls of noise {unknown}
Potions
 c - a potion of berserk rage {unknown}
 d - a potion of might
 i - a potion of lignification {unknown}
 j - a potion of mutation {unknown}
Comestibles
 f - a ration


   Skills:
 + Level 3.3 Fighting
 + Level 2.2 Axes
 + Level 3.0 Armour
 + Level 1.1 Dodging
   Level 2.6 Shields


You had 2 spell levels left.
You didn't know any spells.

Dungeon Overview and Level Annotations

Branches:
Dungeon (2/15)

Altars:


Innate Abilities, Weirdness & Mutations

You have sharp toenails.
You are partially covered in sharp spines.


Message History

You miss the frilled lizard. The frilled lizard bites you.
The adder bites you but does no damage. The adder barely misses you.
The frilled lizard closely misses you.
You hit the adder.
You kill the adder!
Your Dodging skill increases to level 1!
You have reached level 3!
Your experience leads to an increase in your attributes!
Increase (S)trength, (I)ntelligence, or (D)exterity?
You feel stronger.
Your demonic ancestry asserts itself...
Sharp spines emerge from parts of your body.
You hit the frilled lizard.
You kill the frilled lizard!
There is a stone staircase leading up here.
You climb upwards.
There is a stone staircase leading down here.
There is a staircase leading out of the dungeon here.
You see here a +0 shield.
Are you sure you want to leave the Dungeon?
This will make you lose the game!
You have escaped!

.# #..# #.............###.# .#
#.## #..#######....###.# .# #.#
#..##...##......#.# .#
#.#########..#.###.#..###.#.# .#
#.#......##..#.'⌠#.#..# #.#.#
.####.#.####.##..#.###.#..###...#
...........#.....##...##......###
.####.#.##.####..#'#####..#.###
.# #.#.##.# #.@..(......#^# .#
#.#.##.# #.............# .#
##.#.##.####.#####..#.##.#####
.###..............)..............
#.......##.#####............#####
..##.........# #######.###### #
.....#####.#.#########.# ..####
#.#...........#
.#########.#############


There were no monsters in sight!

Vanquished Creatures
  An adder (D:2)
  A dart slug (D:2)
  A giant cockroach (D:1)
  3 goblins (D:1)
  2 hobgoblins (D:1)
  4 bats (D:1)
  3 frilled lizards
  6 kobolds
  4 rats
25 creatures vanquished.

Notes
Turn   | Place    | Note
-------+----------+-------------------------------------------
     0 | D:1      | nataq the Demonspawn Fighter began the quest for the Orb.
     0 | D:1      | Reached XP level 1. HP: 18/18 MP: 1/1
   139 | D:1      | Gained mutation: You have sharp toenails. [demonic ancestry]
   139 | D:1      | Reached XP level 2. HP: 23/24 MP: 2/2
   740 | D:2      | Reached skill level 1 in Dodging
   740 | D:2      | Gained mutation: You are partially covered in sharp spines. [demonic ancestry]
   740 | D:2      | Reached XP level 3. HP: 16/29 MP: 3/3
   768 | D:$      | Got out of the dungeon alive.

Vault maps used:
D:1:      minmay_arrival_stone_box
D:2:      marbit_many_paths, first_ration, minmay_hexomino_u4

Skill      XL: |  1  2 |
---------------+-------+-----
Axes           | 2 |  2.2
Armour         | 3 |  3.0
Dodging        | 1 |  1.1
Fighting       | |  3.3
Shields        | |  2.6

Action                   || total
-------------------------++-------
Melee: War axe           ||    61
Armor: Scale mail        ||    48
Dodge: Dodged            ||    42

Table legend:
 A = Spawn XP
 B = Non-spawn XP
 C = Spawn XP percentage of total XP
 D = Spawn monster count
 E = Non-spawn monster count
 F = Spawn count percentage of total count
 G = Total turns spent on level
                    A         B        C        D         E        F      G
               +---------+---------+-------+---------+---------+-------+---------
         Total |       0 |      51 |   0.0 |       0 |      25 |   0.0 |   768
               +---------+---------+-------+---------+---------+-------+---------
           D:1 |       0 |      30 |   0.0 |       0 |      20 |   0.0 |   741
           D:2 |       0 |      21 |   0.0 |       0 |       5 |   0.0 |    27
               +---------+---------+-------+---------+---------+-------+---------
